 Dungeon Sprint DCSS version 0.17-a0-1197-g2d00c63 (webtiles) character file.

973 Kidiri the Covert (level 7, -2/41 HPs)
             Began as a Spriggan Assassin on June 2, 2015.
             Slain by a slime creature (20 damage)
             ... in the Dungeon (Sprint I: "Red Sonja").
             The game lasted 00:06:51 (576 turns).

Kidiri the Covert (Spriggan Assassin)                Turns: 576, Time: 00:06:52

Health: -2/41      AC:  5    Str:  7    XL:     7   Next: 94%
Magic:  11/11      EV: 27    Int: 13    God:
Gold:   405        SH:  0    Dex: 19    Spells: 0 memorised, 6 levels left

rFire  + . .     SeeInvis +     a - +2 dagger
rCold  . . .     Clarity  .     n - +2 robe {rF+}
rNeg   . . .     SustAt   .     (shield restricted)
rPois  .         Gourm    .     (helmet restricted)
rElec  .         Spirit   .     d - +0 cloak
rCorr  .         Warding  .     (gloves unavailable)
rMut   .         NoTele   +     (boots unavailable)
MR     +....                    (no amulet)
Stlth  ++++++....               (no ring)
                                o - ring of flight

@: very quick, somewhat resistant to hostile enchantments, very stealthy
A: unfitting armour, see invisible, herbivore 3, speed 3, slow metabolism 2
a: Evoke Flight


You were in the Dungeon.
You were not hungry.

You visited 1 branch You collected 405 gold pieces.

Inventory:

Hand weapons
 a - a +2 dagger (weapon)
 b - a +0 blowgun
Missiles
 e - 8 poisoned needles
 f - 6 curare-tipped needles
Armour
 c - a +0 robe
 d - a +0 cloak (worn)
 n - a +2 robe of fire resistance (worn)
Jewellery
 o - a ring of flight (left hand)
Scrolls
 m - a scroll of blinking
Potions
 h - a potion of curing
 i - a potion of heal wounds
 j - 2 potions of haste
 k - 2 potions of magic
 l - a potion of berserk rage
Comestibles
 g - 2 bread rations


   Skills:
 * Level 6.3 Fighting
 * Level 7.7 Short Blades
 * Level 8.3 Throwing
 + Level 3.7 Armour
 * Level 10.4 Dodging
 * Level 12.2 Stealth
 + Level 4.3 Evocations


You had 6 spell levels left.
You didn't know any spells.

Dungeon Overview and Level Annotations

Branches:
Dungeon (1/1)

Altars:
Cheibriados
Dithmenos
Elyvilon
Fedhas
Gozag
Kikubaaqudgha
Makhleb
Nemelex Xobeh
Okawaru
Qazlal
Ru
Sif Muna
Trog
Vehumet
Xom
Yredelemnul
Zin
The Shining One
Jiyva

Shops:
D }%


Innate Abilities, Weirdness & Mutations

You are tiny and cannot use many weapons and most armour.
You have supernaturally acute eyesight.
You are a herbivore.
You cover ground extremely quickly.
You need consume almost no food.


Message History

The slime creature completely misses you.
You hit the slime creature.
The slime creature is moderately wounded.
You barely miss the slime creature.
The slime creature is moderately wounded.
The slime creature completely misses you.
You hit the slime creature.
The slime creature is moderately wounded.
You barely miss the slime creature.
The slime creature is moderately wounded.
The slime creature completely misses you.
You barely miss the slime creature.
The slime creature is moderately wounded.
The slime creature hits you!
You hit the slime creature.
The slime creature is moderately wounded.
You barely miss the slime creature.
The slime creature is moderately wounded.
The slime creature hits you!!
You die...

################ ##
#<.#).'..#.)(.(#__#
#..'..#..@J.#..'^.+
#..#####'#####'#__#
#..####..#...#.# ##
#..#__####..##.#
#.[#_..__##'#..+
#⌠⌠#_.∩...'..._#
####_..._##_.#'#
#_____###'#)#
############.###


You could see a slime creature.

Vanquished Creatures
  Sonja (D)
  Sigmund (D)
  A yak (D)
  An ogre (D)
  Ijyb (D)
  A jelly (D)
6 creatures vanquished.

Notes
Turn   | Place    | Note
--------------------------------------------------------------
     0 | D        | Kidiri the Spriggan Assassin began the quest for the Orb.
     0 | D        | Reached XP level 1. HP: 10/10 MP: 2/2
     3 | D        | Noticed Ijyb
    22 | D        | Killed Ijyb
    22 | D        | Reached skill level 1 in Armour
    22 | D        | Reached skill level 7 in Stealth
    22 | D        | Reached XP level 2. HP: 8/16 MP: 3/3
   190 | D        | Noticed an ogre
   212 | D        | Killed an ogre
   212 | D        | Reached skill level 5 in Dodging
   212 | D        | Reached skill level 8 in Stealth
   212 | D        | Reached XP level 3. HP: 20/20 MP: 4/4
   212 | D        | Reached XP level 4. HP: 24/24 MP: 5/5
   360 | D        | Noticed Sigmund
   363 | D        | Killed Sigmund
   363 | D        | Reached skill level 5 in Short Blades
   363 | D        | Reached skill level 9 in Stealth
   363 | D        | Reached XP level 5. HP: 27/30 MP: 6/6
   405 | D        | Found a deep blue altar of Sif Muna.
   406 | D        | Noticed a jelly
   407 | D        | Found a radiant altar of Vehumet.
   411 | D        | Killed a jelly
   411 | D        | Reached skill level 10 in Stealth
   411 | D        | Reached XP level 6. HP: 35/35 MP: 7/7
   455 | D        | Found Reroith's Food Emporium.
   455 | D        | Found a white marble altar of Elyvilon.
   455 | D        | Found a stormy altar of Qazlal.
   455 | D        | Found a burning altar of Makhleb.
   455 | D        | Found a sacrificial altar of Ru.
   455 | D        | Found a basalt altar of Yredelemnul.
   455 | D        | Found a glowing golden altar of the Shining One.
   455 | D        | Found a sparkling altar of Nemelex Xobeh.
   455 | D        | Found a shimmering altar of Xom.
   455 | D        | Found an opulent altar of Gozag.
   455 | D        | Found an ancient bone altar of Kikubaaqudgha.
   455 | D        | Found a glowing silver altar of Zin.
   455 | D        | Noticed a yak
   459 | D        | Found an iron altar of Okawaru.
   460 | D        | Killed a yak
   460 | D        | Reached skill level 5 in Fighting
   461 | D        | Found a bloodstained altar of Trog.
   480 | D        | Noticed Sonja
   487 | D        | Killed Sonja
   487 | D        | Reached skill level 10 in Dodging
   487 | D        | Reached skill level 12 in Stealth
   487 | D        | Reached XP level 7. HP: 38/41 MP: 8/11
   503 | D        | Found Kaka's Gadget Boutique.
   533 | D        | Found a snail-covered altar of Cheibriados.
   533 | D        | Found a viscous altar of Jiyva.
   533 | D        | Found a shadowy altar of Dithmenos.
   533 | D        | Found a blossoming altar of Fedhas.
   533 | D        | Noticed a slime creature
   576 | D        | Slain by a slime creature

Vault maps used:
D:        dungeon_sprint_1

Action                   |  1- 3 |  4- 6 |  7- 9 || total
-------------------------+-------+-------+-------++-------
Melee: Dagger            |     4 |     4 |    32 ||    40
 Fire: Blowgun           |     9 |       |     2 ||    11
 Stab: Sleeping          |     1 |     4 |       ||     5
